 Dungeon Crawl Stone Soup version 0.22-a0-558-gc224181 (webtiles) character file.

7 nikopol the Firebug (level 1, 0/10 HPs)
             Began as a Deep Elf Fire Elementalist on June 27, 2018.
             Slain by a jackal (1 damage)
             ... on level 1 of the Dungeon.
             The game lasted 00:00:56 (242 turns).

nikopol the Firebug (Deep Elf Fire Elementalist)     Turns: 242, Time: 00:00:57

Health: 0/10       AC:  2    Str:  5    XL:     1   Next: 91%
Magic:  2/6        EV: 13    Int: 19    God:
Gold:   33         SH:  0    Dex: 15    Spells: 5/6 levels left

rFire    . . .     SeeInvis .   (no weapon)
rCold    . . .     Gourm    .   (no shield)
rNeg     . . .     Faith    .   a - +0 robe
rPois    .         Spirit   .   (no helmet)
rElec    .         Reflect  .   (no cloak)
rCorr    .         Harm     .   (no gloves)
MR       .....                  (no boots)
Stlth    ++........             (no amulet)
HPRegen  0.03/turn              (no ring)
MPRegen  0.10/turn              (no ring)

@: no status effects
A: no striking features
a: no special abilities


You were on level 1 of the Dungeon.
You were not hungry.

You visited 1 branch of the dungeon, and saw 1 of its levels.

You collected 33 gold pieces.

Inventory:

Armour
 a - a +0 robe (worn)
Jewellery
 b - an uncursed ring of ice {unknown}
Scrolls
 f - a scroll of magic mapping {unknown}
Potions
 d - a potion of brilliance {unknown}
 e - a potion of degeneration {unknown}
 g - a potion of lignification {unknown}
Comestibles
 c - a ration


   Skills:
 + Level 2.8 Dodging
 + Level 2.4 Stealth
 + Level 3.0 Spellcasting
 + Level 1.1 Conjurations
 + Level 3.6 Fire Magic


You had 5 spell levels left.
You knew the following spells:

 Your Spells              Type           Power        Failure   Level  Hunger
a - Flame Tongue          Conj/Fire      ##...        6%          1    None

Your spell library contained the following spells:

 Spells                   Type           Power        Failure   Level  Hunger
 Fireball                 Conj/Fire      ##........   85%         5    ######.
 Conjure Flame            Conj/Fire      ##......     17%         3    ###....
 Throw Flame              Conj/Fire      ##....       9%          2    ##.....
 Sticky Flame             Conj/Fire      ##......     50%         4    ####...
 Inner Flame              Hex/Fire       #.......     22%         3    ###....


Dungeon Overview and Level Annotations

Branches:
Dungeon (1/15)

Altars:


Message History

Aiming: Flame Tongue (safe; 6% risk of failure)
Press: ? - help, Shift-Dir - straight line, f - jackal, p - kobold
Aim: a jackal The flame tongue hits the jackal.
You kill the jackal!
Casting: Flame Tongue (safe; 6% risk of failure)
Confirm with . or Enter, or press ? or * to list all spells.
Aiming: Flame Tongue (safe; 6% risk of failure)
Press: ? - help, Shift-Dir - straight line, f - kobold
Aim: a kobold The flame tongue hits the kobold.
You kill the kobold!
The kobold hits you with a club.
* * * LOW HITPOINT WARNING * * *
The jackal bites you but does no damage.
The kobold hits you but does no damage. The jackal bites you.
* * * LOW HITPOINT WARNING * * *
The jackal bites you.
You die...

..####.###..####........#
.†..##..##.## ##.......#
###.K...##.# #.......#
####K.#..# #.......#
#..#.## #...##### #....#
###K## #.......# #...#
###.....# #h#.######
################@.......#
.......)......<#.#..###.#
################.##.#
...............#.##.#
##############.#(##.#
...............#.##.#
################.##.#
#...##......#
##..##.###..#


You could see a jackal and a kobold.

Vanquished Creatures
  A giant cockroach (D:1)
  3 jackals (D:1)
  A kobold (D:1)
  2 rats (D:1)
7 creatures vanquished.

Notes
Turn   | Place    | Note
-------+----------+-------------------------------------------
     0 | D:1      | nikopol the Deep Elf Fire Elementalist began the quest for the Orb.
     0 | D:1      | Reached XP level 1. HP: 10/10 MP: 6/6
   242 | D:1      | Slain by a jackal

Vault maps used:
D:1:      wheals_arrival_linesprint, glass_columns_a

Action                   || total
-------------------------++-------
 Cast: Flame Tongue      ||    14
Armor: Robe              ||     9
Dodge: Dodged            ||    13

Table legend:
 A = Spawn XP
 B = Non-spawn XP
 C = Spawn XP percentage of total XP
 D = Spawn monster count
 E = Non-spawn monster count
 F = Spawn count percentage of total count
 G = Total turns spent on level
                    A         B        C        D         E        F      G
               +---------+---------+-------+---------+---------+-------+---------
         Total |       0 |      11 |   0.0 |       0 |       7 |   0.0 |   242
               +---------+---------+-------+---------+---------+-------+---------
           D:1 |       0 |      11 |   0.0 |       0 |       7 |   0.0 |   242
               +---------+---------+-------+---------+---------+-------+---------
